 Dungeon Crawl Stone Soup version 0.31-a0-121-g1e386dd289 (webtiles) character file.

Game seed: 15620970477427721202

2966 mopl the Jinx (level 9, 0/55 HPs)
             Began as a Deep Elf Enchanter on May 31, 2023.
             Shot with an arrow by an orc warrior (12 damage)
             ... on level 7 of the Dungeon.
             The game lasted 00:14:13 (6089 turns).

mopl the Jinx (Deep Elf Enchanter)                  Turns: 6089, Time: 00:14:14

Health: 0/55       AC:  4    Str:  5    XL:     9   Next: 52%
Magic:  23/33      EV: 14    Int: 25    God:
Gold:   382        SH:  8    Dex: 15    Spells: 16/27 levels left

rFire   . . .        a - +5 dagger (freeze)
rCold   . . .        u - +0 kite shield
rNeg    . . .        b - +0 robe
rPois   .            I - +1 helmet
rElec   .            (no cloak)
rCorr   .            (no gloves)
SInv    .            (no boots)
Will    .....        (no amulet)
Stlth   ++++         s - ring of magical power
HPRegen 0.29/turn    n - +5 ring of evasion
MPRegen 0.23/turn

%: no passive effects
@: no status effects
A: no striking features
a: no special abilities


You were on level 7 of the Dungeon.
You visited 1 branch of the dungeon, and saw 7 of its levels.
You also visited: Sewer.

You collected 382 gold pieces.

Inventory:

Hand Weapons
 a - a +5 dagger of freezing (weapon)
 q - a +0 dagger of distortion {!w}
Missiles
 j - 42 poisoned darts
 B - 3 throwing nets
 J - a curare-tipped dart
Armour
 b - a +0 robe (worn)
 u - a +0 kite shield (worn)
 I - a +1 helmet (worn)
Jewellery
 i - a ring of wizardry
 n - a +5 ring of evasion (right hand)
 s - a ring of magical power (left hand)
 E - a ring of resist corrosion
Wands
 r - a wand of flame (39)
 H - a wand of polymorph (22)
Scrolls
 f - 4 scrolls of teleportation
 h - a scroll of vulnerability
 l - a scroll of enchant weapon {unknown}
 m - 2 scrolls of fog {unknown}
 p - a scroll of silence {unknown}
 v - 2 scrolls of blinking {unknown}
 w - 3 scrolls of fear {unknown}
 x - 2 scrolls of noise {unknown}
 y - a scroll of brand weapon {unknown}
 C - a scroll of butterflies {unknown}
 D - a scroll of torment {unknown}
 F - a scroll of poison {unknown}
 G - 2 scrolls of amnesia {unknown}
Potions
 c - 3 potions of invisibility
 d - a potion of curing
 e - 2 potions of magic
 g - a potion of lignification {!q}
 k - a potion of cancellation
 o - 2 potions of heal wounds {unknown}
 t - 2 potions of enlightenment {unknown}
 z - a potion of mutation {!q}
 A - 2 potions of attraction {unknown}
 K - a potion of degeneration {unknown}


   Skills:
 + Level 5.9 Fighting
 + Level 7.1 Short Blades
 - Level 2.4 Dodging
 + Level 10.0 Stealth
 + Level 1.9 Shields
 + Level 9.7 Spellcasting
 + Level 10.0 Hexes


You had 16 spell levels left.
You knew the following spells:

 Your Spells              Type           Power      Damage    Failure   Level
b - Ensorcelled Hibernat  Hex/Ice        74%        N/A       11%         2
c - Confusing Touch       Hex            58%        N/A       2%          3
d - Tukima's Dance        Hex            58%        N/A       2%          3
f - Dazzling Flash        Conj/Hex       74%        N/A       22%         3

Your spell library contained the following spells:

 Spells                   Type           Power      Damage    Failure   Level
 Freeze                   Ice            48%        1d6       50%         1
 Kiss of Death            Conj/Necr      48%        2d9       50%         1
 Necrotise                Necr           48%        1d6       50%         1
 Frozen Ramparts          Ice            24%        1d4       86%         3
 Hailstorm                Conj/Ice       12%        3d5       86%         3
 Vampiric Draining        Necr           12%        2d6       86%         3
 Dispel Undead            Necr           12%        3d9       99%         4
 Agony                    Necr           12%        N/A       100%        5


Dungeon Overview and Level Annotations

Branches:
Dungeon (7/15)              Sewer (visited)
 Temple: D:4-7

Altars:
Elyvilon
Trog

Annotations:
D:6 1 runed translucent door, nago's ghost, novice DjAE


Message History

Press: ? - help, Shift-Dir - straight line, f - killer bee
Aim: a killer bee (chance to affect: 72%)
The killer bee looks drowsy...
You feel sick.
The helpless killer bee fails to defend itself.
You stick the killer bee like a pincushion!!!!
You freeze the killer bee!
You kill the killer bee!
You feel sick. The killer bee misses you.
Casting: Ensorcelled Hibernation (safe; 11% risk of failure)
Confirm with . or Enter, or press ? or * to list all spells.
Aiming: Ensorcelled Hibernation (safe; 11% risk of failure)
Press: ? - help, Shift-Dir - straight line, f - killer bee
Aim: a killer bee (chance to affect: 72%)
The killer bee looks drowsy...
You feel sick.
The helpless killer bee fails to defend itself.
You skewer the killer bee like a kebab!!!!
You freeze the killer bee.
You kill the killer bee!
You feel sick.
Casting: Ensorcelled Hibernation (safe; 11% risk of failure)
Confirm with . or Enter, or press ? or * to list all spells.
Aiming: Ensorcelled Hibernation (safe; 11% risk of failure)
Press: ? - help, Shift-Dir - straight line, f - orc
Aim: an orc, wielding a +0 dagger and wearing a +0 leather armour (chance to affect: 79%)
The orc looks drowsy...
You feel sick.
The helpless orc fails to defend itself.
You stick the orc like a pincushion!!!! You freeze the orc.
You kill the orc!
You feel sick.
You are no longer poisoned.
The orc warrior shoots an arrow.
The arrow hits you!
* * * LOW HITPOINT WARNING * * *
Casting: Ensorcelled Hibernation (safe; 11% risk of failure)
Confirm with . or Enter, or press ? or * to list all spells.
Aiming: Ensorcelled Hibernation (safe; 11% risk of failure)
Press: ? - help, Shift-Dir - straight line, f - orc warrior
Aim: an orc warrior, wielding a +0 orcbow, wearing a +0 chain mail, quivering poisoned darts and carrying a wand of flame (2) (chance to affect: 64%)
The orc warrior struggles to resist.
The orc warrior shoots an arrow.
The arrow hits you!
You die...

... ###.........# ....
##...........# ...
#............# ...
#.....###.##.#
###.##.###.#......##
#....................#
#..........##..##.####
#..........##.......
######@##..##.###.###
######)##.........#
#..(..o.#..##.####
#.#.....#..##.#
#.....#... ..
#).........
#.....#.### #...###.#
..... #


You could see an orc warrior.

Vanquished Creatures
  A wyvern (D:7)
  A water moccasin (D:6)
  3 black bears
  3 ice beasts (D:5)
  An ogre (D:5)
  A phantom (D:6)
  5 kobold brigands
  A bullfrog (D:7)
  A scorpion (D:5)
  A wight (D:6)
  4 killer bees (D:7)
  A gnoll bouda (D:3)
  4 hounds
  5 iguanas
  Jessica (D:3)
  An orc wizard (D:7)
  Robin (D:4)
  8 adders
  8 gnolls (D:3)
  2 river rats (Sewer)
  A shadow imp (D:5)
  A white imp (D:5)
  An ufetubus (D:5)
  2 worms
  3 dart slugs
  11 orcs
  9 endoplasms
  3 giant cockroaches
  12 goblins
  5 hobgoblins
  5 jackals
  27 kobolds
  9 quokkas
  6 ball pythons
  8 bats
  4 frilled lizards
  5 rats
165 creatures vanquished.

Vanquished Creatures (collateral kills)
  2 wights (D:6)
2 creatures vanquished.

Vanquished Creatures (others)
  A dancing weapon (D:6)
1 creature vanquished.

Grand Total: 168 creatures vanquished

Notes
Turn   | Place    | Note
-------+----------+-------------------------------------------
     0 | D:1      | mopl the Deep Elf Enchanter began the quest for the Orb.
     0 | D:1      | Reached XP level 1. HP: 10/10 MP: 6/6
   279 | D:1      | Reached XP level 2. HP: 16/16 MP: 8/8
   282 | D:1      | Learned a level 2 spell: Ensorcelled Hibernation
  1116 | D:1      | Reached skill level 4 in Stealth
  1282 | D:2      | Reached XP level 3. HP: 17/20 MP: 2/9
  1286 | D:2      | Learned a level 3 spell: Confusing Touch
  1290 | D:2      | Learned a level 3 spell: Tukima's Dance
  1326 | D:2      | Identified the +1 ring mail of Vixtal {rElec Str+4}
  1340 | D:2      | Found a faded altar of an unknown god.
  1467 | D:2      | Reached skill level 1 in Fighting
  1848 | D:3      | Reached XP level 4. HP: 25/25 MP: 11/11
  1903 | D:3      | Noticed Jessica
  1952 | D:3      | Reached skill level 2 in Short Blades
  1970 | D:3      | Killed Jessica
  2025 | D:3      | Reached skill level 4 in Spellcasting
  2131 | D:3      | Reached XP level 5. HP: 29/29 MP: 6/13
  2231 | D:3      | Found a glowing drain.
  2245 | Sewer    | Entered a sewer
  2469 | Sewer    | Reached skill level 5 in Hexes
  2506 | Sewer    | Reached skill level 2 in Fighting
  2506 | Sewer    | Reached skill level 5 in Stealth
  2506 | Sewer    | Reached XP level 6. HP: 3/35 MP: 3/15
  2762 | Sewer    | Reached skill level 3 in Short Blades
  2796 | Sewer    | Learned a level 3 spell: Dazzling Flash
  2953 | D:3      | Reached skill level 5 in Spellcasting
  3615 | D:4      | Reached XP level 7. HP: 40/40 MP: 9/16
  3619 | D:4      | Noticed Robin
  3652 | D:4      | Killed Robin
  3868 | D:4      | Reached skill level 5 in Fighting
  3868 | D:4      | Reached skill level 6 in Short Blades
  3868 | D:4      | Reached skill level 9 in Stealth
  3868 | D:4      | Reached skill level 9 in Spellcasting
  3868 | D:4      | Reached skill level 9 in Hexes
  3868 | D:4      | Reached XP level 8. HP: 49/49 MP: 17/23
  4330 | D:5      | Entered Level 5 of the Dungeon
  4955 | D:5      | Found a white marble altar of Elyvilon.
  5169 | D:6      | Reached skill level 1 in Shields
  5209 | D:6      | Reached XP level 9. HP: 50/54 MP: 20/24
  5462 | D:6      | Reached skill level 7 in Short Blades
  5724 | D:6      | Found a bloodstained altar of Trog.
  5771 | D:6      | Found a runed translucent door.
  5776 | D:6      | Noticed nago's ghost (novice DjAE)
  6065 | D:7      | Reached skill level 10 in Hexes
  6083 | D:7      | Reached skill level 10 in Stealth
  6089 | D:7      | Shot with an arrow by an orc warrior

Illustrated notes

Levels and vault maps discovered:
D:1:      dpeg_arrival_chambers_temple_mockup, layout_basic, minmay_cupped
D:2:      layout_basic, hellmonk_ecumenical_altar_lost_god,
          minmay_misc_feat_room
D:3:      layout_loops_ring, gup_sewer_entry_pipe, nicolae_grassy_gnolls,
          uniq_jessica
D:4:      layout_loops_ring, uniq_robin
D:5:      layout_basic, elyvilon_altar_5, eino_curves_03,
          grunt_decor_one_mirror, lexackson_kobold_supper
D:6:      layout_basic, bloody_trog, ebering_ghost_reflecting_pool
D:7:      layout_basic, nicolae_overflow_crystal_walls,
          nicolae_overflow_hidden_temple, minmay_temple_entry_hall,
          serial_shops, nicolae_square_shop, nicolae_shop_mannequins,
          nicolae_shop_peninsula, nicolae_shop_stone, shop, uniq_maggie

Skill      XL: |  1  2  3  4  5  6  7  8  9 |
---------------+----------------------------+-----
Stealth        | 4 5 9 10 | 10.0
Fighting       | 1 2 5 |  5.9
Short Blades   | 2 3 6 7 |  7.1
Spellcasting   | 4 5 9 |  9.7
Hexes          | 5 9 10 | 10.0
Shields        | 1 |  1.9
Dodging        | |  2.4

Action                     |  1- 3 |  4- 6 |  7- 9 || total
---------------------------+-------+-------+-------++-------
  Melee: Dagger            |   116 |   114 |   161 ||   391
         Punch             |       |     1 |       ||     1
   Cast: Ensorcelled Hiber |    33 |    71 |    58 ||   162
         Confusing Touch   |       |       |     8 ||     8
         Tukima's Dance    |       |       |     4 ||     4
    Use: Scroll            |       |     4 |     4 ||     8
         Potion            |       |       |     1 ||     1
   Stab: Sleeping          |    24 |    44 |    46 ||   114
         Distracted        |       |     2 |       ||     2
         Confused          |       |       |     8 ||     8
 Armour: Robe              |    18 |    13 |    30 ||    61
  Dodge: Dodged            |    87 |    85 |    82 ||   254
  Block: Kite shield       |       |       |    51 ||    51

Table legend: (Time is in decaauts)
 A = Elapsed time spent in this place.
 B = Non-inter-level travel time spent in this place.
 C = Inter-level travel time spent in this place.
 D = Time resting spent in this place.
 E = Time spent auto-exploring this place.
 F = Levels seen in this place.
 G = Mean time per level.
                   A        B        C        D        E       F      G
               +--------+--------+--------+--------+--------+-----+--------+
         Total |   6133 |   5881 |    252 |    663 |   3323 |   8 |  766.6 |
       Dungeon |   5424 |   5172 |    252 |    395 |   3166 |   7 |  774.9 |
         Sewer |    708 |    708 |      0 |    268 |    156 |   1 |  708.0 |
               +--------+--------+--------+--------+--------+-----+--------+

Top non-repeatable levels by time:
     D:1: 1130 daAuts
     D:3: 1039 daAuts
     D:6: 876 daAuts
     D:5: 817 daAuts
     D:4: 785 daAuts
     D:2: 710 daAuts
   Sewer: 708 daAuts
     D:7: 65 daAuts
